 Dungeon Crawl Stone Soup version 0.16.1-51-g6203257 (webtiles) character file.

333 Jb9000 the Shield-Bearer (level 6, -1/38 HPs)
             Began as a Gargoyle Fighter on July 3, 2015.
             Was an Initiate of Nemelex Xobeh.
             Slain by Eustachio
             ... wielding a +0 falchion
              (5 damage)
             ... on level 4 of the Dungeon.
             The game lasted 00:29:01 (3747 turns).

Jb9000 the Shield-Bearer (Gargoyle Fighter)         Turns: 3747, Time: 00:29:02

Health: -1/38      AC: 13    Str: 22    XL:     6   Next: 53%
Magic:  6/6        EV:  8    Int:  9    God:    Nemelex Xobeh [......]
Gold:   160        SH:  9    Dex: 10    Spells: 0 memorised, 5 levels left

rFire  . . .     SeeInvis .     a - +0 flail
rCold  . . .     Clarity  .     b - +0 scale mail
rNeg   + . .     SustAb   .     c - +0 shield
rPois  ∞         Gourm    .     (no helmet)
rElec  +         Spirit   .     u - +1 cloak
rCorr  .         Warding  .     (no gloves)
rMut   .         Stasis   .     (no boots)
MR     .....                    (no amulet)
Stlth  +.........               (no ring)
                                q - +2 ring of strength

@: not resistant to hostile enchantments, very unstealthy
A: negative energy resistance 1, electricity resistance, unbreathing,
petrification resistance, rot immunity, AC +4
a: Renounce Religion


You were on level 4 of the Dungeon.
You worshipped Nemelex Xobeh.
Nemelex Xobeh was noncommittal.
You were not hungry.

You visited 1 branch of the dungeon, and saw 4 of its levels.
You also visited: Sewer.

You collected 160 gold pieces.

Inventory:

Hand weapons
 a - a +0 flail (weapon)
 x - a +0 blowgun
Missiles
 j - 15 arrows
 m - 16 bolts
 n - 4 steel tomahawks (quivered)
 y - 5 curare-tipped needles
Armour
 b - a +0 scale mail (worn)
 c - a +0 shield (worn)
 u - a +1 cloak (worn)
Jewellery
 q - a +2 ring of strength (left hand)
Magical devices
 z - a wand of magic darts (0)
Scrolls
 h - a scroll of blinking
 k - 4 scrolls of teleportation
 t - a scroll of identify
Potions
 e - 2 potions of might
 s - 3 potions of curing
 v - 2 potions of restore abilities
 w - a potion of magic
Miscellaneous
 i - a plain deck of summoning {drawn: 3}
Comestibles
 d - a bread ration
 l - 4 meat rations


   Skills:
 + Level 4.1 Fighting
 + Level 3.0 Maces & Flails
 + Level 2.0 Throwing
 + Level 4.1 Armour
 + Level 1.3 Dodging
 * Level 3.4 Stealth
 + Level 4.2 Shields


You had 5 spell levels left.
You didn't know any spells.

Dungeon Overview and Level Annotations

Branches:
Dungeon (4/15)
 Temple: D:4-7

Altars:
Makhleb
Nemelex Xobeh
Vehumet

Annotations:
D:4 Eustachio


Innate Abilities, Weirdness & Mutations

You are resistant to torment.
You are immune to poison.
Your stone body is very resilient (AC +4).
You resist negative energy.
You are resistant to electric shocks.
You can survive without breathing.
You are immune to petrification.
You are immune to rotting.


Message History

The quokka's corpse disappears in a puff of smoke!
The iron imp hits you but does no damage.
The quokka bites your yaktaur but does no damage.
You block the shadow imp's attack.
Eustachio gestures wildly while chanting.
Eustachio blinks!
Your yaktaur wields an arbalest.
Your yaktaur shoots a bolt.
The bolt hits the iron imp!
The bolt disappears in a puff of smoke!
Your yaktaur hits the quokka!
The quokka dies!
The quokka's corpse disappears in a puff of smoke!
The bat hits your yaktaur.
The shadow imp grinds its teeth.
The shadow imp gestures at you. Pain shoots through your body!
* * * LOW HITPOINT WARNING * * *
The bat hits your yaktaur but does no damage.
Eustachio hits you with a falchion.
You die...
Your body disappears without a glow.

.. ##!.. ##...#
##....# ..##
###.....#
.....##......#
........<....#
.........@.c##
.........@..#
..........5.#
.........5.###
...$.....cb..#
#.........§....#
#.......######..
#.......# #
#..###... .#
##..


You could see Eustachio, an iron imp, a shadow imp, a bat and 2 friendly
yaktaurs.

Vanquished Creatures
  Sigmund (D:2)
  A crimson imp (D:3)
  An orc wizard (D:3)
  8 adders
  A river rat (D:3)
  A worm (D:2)
  3 giant mites
  4 giant geckos
  An ooze (D:2)
  4 orcs (D:3)
  6 giant cockroaches
  4 goblins
  13 hobgoblins
  7 jackals (Sewer)
  2 quokkas
  6 ball pythons
  13 bats
  7 giant newts
  11 kobolds
  10 rats
104 creatures vanquished.

Vanquished Creatures (collateral kills)
  An ooze (D:3)
  A giant cockroach (D:3)
  A kobold (D:3)
  3 quokkas (D:4)
  A ball python (D:3)
7 creatures vanquished.

Grand Total: 111 creatures vanquished

Notes
Turn   | Place    | Note
--------------------------------------------------------------
     0 | D:1      | Jb9000, the Gargoyle Fighter, began the quest for the Orb.
     0 | D:1      | Reached XP level 1. HP: 14/14 MP: 1/1
   310 | D:1      | Reached XP level 2. HP: 19/19 MP: 2/2
   589 | D:1      | Reached skill level 1 in Stealth
   821 | D:2      | Reached XP level 3. HP: 23/23 MP: 3/3
   938 | D:2      | Noticed Sigmund
   961 | D:2      | Killed Sigmund
   961 | D:2      | Reached skill level 1 in Throwing
   961 | D:2      | Reached XP level 4. HP: 26/29 MP: 4/4
   999 | D:2      | Reached XP level 5. HP: 29/33 MP: 5/5
  1452 | D:2      | Reached skill level 4 in Shields
  1816 | D:3      | Reached skill level 1 in Dodging
  1855 | D:3      | Found a glowing drain.
  1859 | Sewer    | Entered a sewer
  2597 | D:3      | Found a sparkling altar of Nemelex Xobeh.
  2615 | D:3      | Reached XP level 6. HP: 28/38 MP: 6/6
  3349 | D:3      | Became a worshipper of Nemelex Xobeh the Trickster
  3465 | D:3      | Found a burning altar of Makhleb.
  3466 | D:3      | Found a radiant altar of Vehumet.
  3683 | D:4      | Noticed Eustachio
  3747 | D:4      | Slain by Eustachio

Action                   |  1- 3 |  4- 6 || total
-------------------------+-------+-------++-------
Melee: Flail             |   113 |   529 ||   642
Throw: Tomahawk          |     3 |       ||     3
Evoke: Deck              |       |     3 ||     3
  Use: Potion            |     2 |     5 ||     7
       Scroll            |       |    10 ||    10
  Eat: Chunk             |       |     7 ||     7
       Pizza             |       |     1 ||     1
       Beef jerky        |       |     1 ||     1
       Bread ration      |       |     1 ||     1
